 Dungeon Crawl Stone Soup version 0.29-a0-9-g022ca4c890 (webtiles) character file.

Game seed: 16651823657678925471

731 Spectrina the Covert (level 7, -1/40 HPs)
             Began as a Vampire Delver on Jan 28, 2022.
             Was an Initiate of Yredelemnul.
             Slain by an orc warrior (9 damage)
             ... in a bailey.
             The game lasted 00:13:46 (1439 turns).

Spectrina the Covert (Vampire Delver)               Turns: 1439, Time: 00:13:47

Health: -1/40      AC:  5    Str: 11    XL:     7   Next: 45%
Magic:  7/7        EV: 11    Int: 13    God:    Yredelemnul [......]
Gold:   94         SH:  0    Dex: 17    Spells: 6/6 levels left

rFire   . . .      SeeInvis +   q - +2 dagger (venom)
rCold   + + .      Faith    .   (no shield)
rNeg    + + +      Spirit   .   u - +0 ring mail {rPois}
rPois   ∞          Reflect  .   (no helmet)
rElec   .          Harm     .   (no cloak)
rCorr   .          Rampage  .   (no gloves)
Will    .....                   (no boots)
Stlth   +++++++...              (no amulet)
HPRegen 0.00/turn               y - ring of flight
MPRegen 0.10/turn               (no ring)

@: flying, bloodless, inhibited regen
A: bloodless, fangs 3, see invisible, vampiric 2
a: Bat Form, Revivify, Renounce Religion, Recall Undead Harvest


You were in a bailey.
You worshipped Yredelemnul.
Yredelemnul was noncommittal.
You visited 2 branches of the dungeon, and saw 7 of its levels.
You also visited: Bailey.

You collected 94 gold pieces.

Inventory:

Hand Weapons
 a - a +0 short sword
 e - a +0 shortbow
 h - a +0 dagger
 q - a +2 dagger of venom (weapon)
 w - the +4 dagger "Morg" {pain, Will+ Int+5}
   (You found it on level 5 of the Dungeon)

   In the hands of one skilled in necromantic magic, it inflicts extra damage on
   living creatures.
   Int:       It affects your intelligence (+5).
   Will:      It increases your willpower.
Missiles
 m - 41 stones (quivered)
 r - 16 arrows
Armour
 b - a +0 leather armour
 u - a +0 ring mail of poison resistance (worn)
Jewellery
 p - a ring of ice
 y - a ring of flight (left hand)
Wands
 g - a wand of digging (2)
 k - a wand of mindburst (16)
 z - a wand of paralysis (10)
Scrolls
 c - a scroll of fog
 d - 2 scrolls of magic mapping
 i - 3 scrolls of blinking {unknown}
 j - 3 scrolls of identify {unknown}
 l - a scroll of vulnerability {unknown}
 x - a scroll of teleportation {unknown}
Potions
 f - a potion of haste
 n - 2 potions of curing
 s - a potion of cancellation {unknown}
 t - 3 potions of heal wounds {unknown}
 v - a potion of mutation {unknown}


   Skills:
 - Level 2.6 Fighting
 - Level 2.1 Short Blades
 - Level 2.1 Dodging
 + Level 14.4 Stealth


You had 6 spell levels left.
You didn't know any spells.
Your spell library contained the following spells:

 Spells                   Type           Power      Damage    Failure   Level
 Slow                     Hex            0%         N/A       58%         1
 Corpse Rot               Necr/Air       0%         N/A       75%         2
 Poisonous Vapours        Pois/Air       0%         N/A       75%         2
 Confusing Touch          Hex            0%         N/A       92%         3
 Vampiric Draining        Necr           0%         2d6       92%         3


Dungeon Overview and Level Annotations

Branches:
Dungeon (7/15)             Temple (1/1) D:5          Bailey (1/1)

Altars:
Ashenzari
Cheibriados
Dithmenos
Elyvilon
Fedhas
Gozag
Makhleb
Okawaru
Qazlal
Ru
Sif Muna
Trog
Wu Jian
Xom
Yredelemnul
Zin


Innate Abilities, Weirdness & Mutations

You do not regenerate when monsters are visible.
You are frail without blood (-20% HP).
You can heal yourself when you bite living creatures.
You are immune to poison.
You have razor-sharp teeth.
You have supernaturally acute eyesight. (SInv)
You are afflicted with vampirism and can become a bat while bloodless.


Message History

You bite the gnoll, and draw its blood!
You feel better.
You stick the gnoll like a pincushion!!!!
You kill the gnoll!
The orc shouts!
You hear a shout!
Unknown command.
The orc hits you but does no damage.
You hit the orc.
The orc is heavily wounded.
The orc closely misses you.
The orc hits your hobgoblin zombie with a +0 hand axe.
The orc hits your hobgoblin zombie with a +0 hand axe.
Your hobgoblin zombie is destroyed!
The orc hits your gnoll zombie with a +0 hand axe.
You closely miss the orc warrior.
Your gnoll zombie barely misses the orc.
The orc warrior hits you with a +0 hand axe!
The orc warrior hits your gnoll zombie with a +0 hand axe!
The orc hits your gnoll zombie with a +0 hand axe.
Your gnoll zombie barely misses the orc.
The orc warrior hits you with a +0 hand axe.
The orc closely misses you.
There is an open door here.
You closely miss the orc warrior. Your bite misses the orc warrior.
Your gnoll zombie hits the orc but does no damage.
The orc warrior hits you with a +0 hand axe.
You hit the orc warrior but do no damage.
The orc warrior is poisoned.
You punch the orc warrior, but do no damage.
The orc warrior barely misses you.
It was a potion of flight.
You feel more buoyant.
Something closely misses the orc.
The orc warrior hits you with a +0 hand axe!
* * * LOW HITPOINT WARNING * * *
You hit the orc warrior but do no damage.
The orc warrior looks as sick as possible!
The orc warrior is lightly wounded.
The orc warrior hits you with a +0 hand axe!
You die...
Yredelemnul claims you as an undead slave.

♣♣♣♣♣ ### ♣.♣.♣♣♣♣
###.#+#
♣♣....♣.♣###.....###
♣♣.......##.........##
♣........#...........#
♣.......'...........#
♣..∩.∩..'...@.⌠)....#
♣........'...o..)....#
♣........#....o......#
♣♣♣......##.....o...###
♣....♣♣♣###.....###)###
♣♣...♣ ###.#Z#....)###
♣♣♣♣♣ ###.........##
#...........#
#...........#


You could see an orc warrior (very poisoned), 2 orcs and a friendly gnoll
zombie.

Vanquished Creatures
  A black bear (D:6)
  An ogre (D:4)
  A centaur (D:5)
  A bullfrog (D:6)
  A scorpion (D:5)
  A bullfrog zombie (D:5)
  An orc priest (D:5)
  3 hounds (D:5)
  A bullfrog skeleton (D:4)
  A jelly (D:6)
  An iguana (D:5)
  2 orc wizards (D:6)
  2 gnolls (Bailey)
  An adder (D:4)
  An adder skeleton (D:4)
  2 dart slugs
  7 orcs
  3 endoplasms
  3 goblins
  3 hobgoblins
  A quokka (D:2)
  5 ball pythons
  A bat (D:2)
  A kobold (D:4)
  A rat (D:3)
46 creatures vanquished.

Vanquished Creatures (collateral kills)
  6 orcs
6 creatures vanquished.

Vanquished Creatures (others)
  A centaur zombie (D:5)
  A hobgoblin zombie (Bailey)
  4 fungi (D:6)
6 creatures vanquished.

Grand Total: 58 creatures vanquished

Notes
Turn   | Place    | Note
-------+----------+-------------------------------------------
     0 | D:5      | Spectrina the Vampire Delver began the quest for the Orb.
     0 | D:5      | Reached XP level 1. HP: 17/17 MP: 1/1
    68 | D:5      | Noticed an iguana
    76 | D:5      | Killed an iguana
    77 | D:5      | Reached skill level 8 in Stealth
    77 | D:5      | Reached XP level 2. HP: 18/18 MP: 2/2
   190 | D:4      | Gained mutation: You are afflicted with vampirism and can
                  | become a bat while bloodless. [Vampire growth]
   190 | D:4      | Reached XP level 3. HP: 19/22 MP: 3/3
   215 | D:4      | Noticed an ogre
   221 | D:4      | Killed an ogre
   222 | D:4      | Reached skill level 10 in Stealth
   222 | D:4      | Reached XP level 4. HP: 27/27 MP: 4/4
   611 | D:4      | Reached XP level 5. HP: 25/31 MP: 5/5
   696 | D:4      | Reached skill level 11 in Stealth
   780 | D:6      | Noticed a black bear
   861 | D:5      | Found a staircase to the Ecumenical Temple.
   867 | Temple   | Entered the Ecumenical Temple
   875 | Temple   | Became a worshipper of Yredelemnul the Dark
   920 | D:5      | Noticed a centaur
   921 | D:5      | Found a bloodstained altar of Trog.
   922 | D:5      | Killed a centaur
   923 | D:5      | Reached skill level 12 in Stealth
   923 | D:5      | Reached XP level 6. HP: 30/36 MP: 6/6
  1071 | D:5      | Reached * piety under Yredelemnul
  1084 | D:5      | Reached skill level 13 in Stealth
  1144 | D:5      | Found the +4 dagger "Morg" {pain, Will+ Int+5}
  1292 | D:6      | Reached XP level 7. HP: 40/40 MP: 7/7
  1312 | D:6      | Reached skill level 14 in Stealth
  1379 | D:7      | Found a flagged portal.
  1389 | Bailey   | Entered a bailey
  1439 | Bailey   | Slain by an orc warrior

Illustrated notes

Levels and vault maps discovered:
D:2:      layout_basic
D:3:      layout_loops_corners, nicolae_uskayaw_suspiria,
          mainiacjoe_overflow_swirl, uniq_grinder
D:4:      layout_basic
D:5:      layout_loops_cross, lemuel_crystal_altar, minmay_temple_entry_hall
D:6:      layout_loops_ring, mainiacjoe_overflow_six_doors_small,
          mainiacjoe_overflow_boulevard, uniq_eustachio
D:7:      layout_loops_corners, enter_bailey_2
Temple:   nicolae_temple_no_exploring_needed
Bailey:   bailey_axe_minmay_hex_keep, bailey

Skill      XL: |  1  2  3  4  5  6  7 |
---------------+----------------------+-----
Stealth        | 8 10 12 13 14 | 14.4
Fighting       | |  2.6
Short Blades   | |  2.1
Dodging        | |  2.1

Action                   |  1- 3 |  4- 6 |  7- 9 || total
-------------------------+-------+-------+-------++-------
Melee: Dagger            |     7 |    33 |    29 ||    69
       Short sword       |       |    53 |       ||    53
       Bite              |       |     9 |     2 ||    11
       Punch             |       |     1 |     1 ||     2
 Abil: Exsanguinate      |     1 |       |       ||     1
Evoke: Wand              |       |     8 |       ||     8
  Use: Potion            |       |     1 |     1 ||     2
       Scroll            |       |     1 |       ||     1
 Stab: Sleeping          |     3 |    15 |     3 ||    21
       Distracted        |       |     1 |     1 ||     2
       Paralysed         |       |     1 |       ||     1
Armor: Leather armour    |     1 |    13 |       ||    14
       Ring mail         |       |     5 |     3 ||     8
Dodge: Dodged            |     1 |    55 |    13 ||    69

Table legend: (Time is in decaauts)
 A = Elapsed time spent in this place.
 B = Non-inter-level travel time spent in this place.
 C = Inter-level travel time spent in this place.
 D = Time resting spent in this place.
 E = Time spent auto-exploring this place.
 F = Levels seen in this place.
 G = Mean time per level.
                   A        B        C        D        E       F      G
               +--------+--------+--------+--------+--------+-----+--------+
         Total |   1429 |   1420 |      9 |      0 |     37 |   8 |  178.6 |
       Dungeon |   1364 |   1355 |      9 |      0 |     37 |   6 |  227.3 |
        Temple |     16 |     16 |      0 |      0 |      0 |   1 |   16.0 |
        Bailey |     48 |     48 |      0 |      0 |      0 |   1 |   48.0 |
               +--------+--------+--------+--------+--------+-----+--------+

Top non-repeatable levels by time:
     D:5: 507 daAuts
     D:4: 391 daAuts
     D:2: 175 daAuts
     D:6: 166 daAuts
     D:3: 100 daAuts
  Bailey: 48 daAuts
     D:7: 23 daAuts
  Temple: 16 daAuts
